 Dungeon Crawl Stone Soup version 0.27-a0-1137-g3ef0f4ec91 (webtiles) character file.

Game seed: 10392040356200967505

11368 jestyr24 the Thaumaturge (level 11, -10/72 HPs)
             Began as a Djinni Conjurer on May 6, 2021.
             Was a High Priest of Elyvilon.
             Mangled by an ice beast (11 damage)
             ... on level 11 of the Dungeon.
             The game lasted 01:10:14 (14864 turns).

jestyr24 the Thaumaturge (Djinni Conjurer)         Turns: 14864, Time: 01:10:15

Health: -10/72     AC:  5    Str:  6    XL:     11   Next: 76%
Gold:   687        EV: 14    Int: 23    God:    Elyvilon [*****.] SH:  0 Dex: 12

rFire    + + .     SeeInvis +   O - +5 great sword
rCold    . . .     Faith    .   (shield currently unavailable)
rNeg     . . .     Spirit   .   a - +0 robe
rPois    ∞         Reflect  .   (no helmet)
rElec    .         Harm     .   C - +2 cloak
rCorr    .         Rampage  .   (no gloves)
Will     +....                  (boots unavailable)
Stlth    +++.......             (no amulet)
HPRegen  0.22/turn              i - ring of see invisible
MPRegen  0.00/turn              H - ring of protection from cold

@: about to teleport, flying
A: sickness immunity, fire resistance 2, cold vulnerability 1, float, innate
caster, hp casting, extra vitality 1
a: Renounce Religion, Lesser Healing, Heal Other, Purification, Greater Healing,
Divine Vigour, Divine Protection


You were on level 11 of the Dungeon.
You worshipped Elyvilon.
Elyvilon was extremely pleased with you.
You visited 2 branches of the dungeon, and saw 12 of its levels.
You also visited: Sewer and Ossuary.

You collected 687 gold pieces.

Inventory:

Hand Weapons
 j - a +0 dagger of holy wrath
 J - a +4 dagger
 O - a +5 great sword (weapon)
Missiles
 h - 5 boomerangs (quivered)
 m - 12 javelins
 t - 2 throwing nets
 B - 33 poisoned darts
 K - a curare-tipped dart
Armour
 a - a +0 robe (worn)
 C - a +2 cloak (worn)
 G - a +1 cloak of poison resistance
Magical Staves
 f - a staff of earth
Jewellery
 i - a ring of see invisible (left hand)
 D - a ring of ice
 E - a ring of wizardry
 H - a ring of protection from cold (right hand)
Wands
 e - a wand of iceblast (6)
 n - a wand of acid (10)
 F - a wand of polymorph (9)
 L - a wand of charming (8)
Scrolls
 d - a scroll of holy word {unknown}
 k - a scroll of amnesia {unknown}
 l - 2 scrolls of magic mapping
 p - 3 scrolls of fear
 r - 4 scrolls of teleportation
 s - 2 scrolls of vulnerability {unknown}
 u - 3 scrolls of enchant armour {unknown}
 A - a scroll of brand weapon {unknown}
 M - a scroll of enchant weapon {unknown}
 N - a scroll of torment {unknown}
Potions
 b - a potion of flight {unknown}
 c - 3 potions of attraction {unknown}
 g - 3 potions of haste
 o - 6 potions of curing
 q - a potion of magic {unknown}
 v - 4 potions of lignification
 w - a potion of cancellation {unknown}
 x - 4 potions of might
 z - 2 potions of invisibility {unknown}
 I - 2 potions of resistance {unknown}
 P - a potion of brilliance {unknown}
 Q - a potion of degeneration {unknown}


   Skills:
 + Level 3.6 Fighting
 + Level 6.1 Dodging
 + Level 6.5 Stealth
 + Level 13.3 Spellcasting


You had 9 spell levels left.
You knew the following spells:

 Your Spells              Type           Power      Damage    Failure   Level
a - Magic Dart            Conj           100%       1d8       1%          1
b - Searing Ray           Conj           100%       3d7       1%          2
c - Dazzling Flash        Conj/Hex       100%       N/A       1%          3
d - Fulminant Prism       Conj/Hex       33%        3d16      1%          4
e - Iskenderun's Mystic   Conj/Tloc      66%        2d14      1%          4
f - Foxfire               Conj/Fire      100%       2x1d9     1%          1
g - Slow                  Hex            66%        N/A       1%          2
h - Lesser Beckoning      Tloc           33%        N/A       1%          3
i - Mephitic Cloud        Conj/Pois/Air  66%        N/A       1%          3
j - Animate Armour        Summ/Erth      100%       N/A       1%          4
Your spell library was empty.

Dungeon Overview and Level Annotations

Branches:
Dungeon (11/15)            Temple (1/1) D:4            Lair (0/6) D:11
    Orc (0/2) D:11          Sewer (visited)         Ossuary (visited)

Altars:
Ashenzari
Cheibriados
Dithmenos
Elyvilon
Fedhas
Gozag
Hepliaklqana
Kikubaaqudgha
Makhleb
Nemelex Xobeh
Okawaru
Qazlal
Ru
Sif Muna
Trog
Uskayaw
Vehumet
Wu Jian
Xom
Yredelemnul
Zin
The Shining One

Shops:
D:9 =


Innate Abilities, Weirdness & Mutations

You are immune to sickness and miasma.
You are immune to poison.
Your flesh is very heat resistant. (rF++)
You are vulnerable to cold. (rC-)
You float through the air rather than walking.
You learn spells naturally, not from books.
Your magical power is your life essence.
You have superior vitality. (+4 HP)


Message History

Found a stone staircase leading down.
A boulder beetle comes into view.
Found 22 stones.
An ice beast comes into view.
Found 13 gold pieces. 2 ice beasts come into view.
The boulder beetle curls into a ball and begins rolling!
Found a leather armour.
An ice beast comes into view. 2 ice beasts come into view.
Casting: Searing Ray (safe; 1% risk of failure)
Confirm with . or Enter, or press ? or * to list all spells.
Aiming: Fulminant Prism (safe; 1% risk of failure)
Press: ? - help, Dir - move target You conjure a prism of explosive energy!
A fulminant prism comes into view.
The boulder beetle hits you!!!
Ouch! That really hurt!
The boulder beetle stops rolling and uncurls.
As you read the scroll of teleportation, it crumbles to dust.
You feel strangely unstable. The boulder beetle bites you!!
* * * LOW HITPOINT WARNING * * *
An ice beast comes into view.
Your fulminant prism crackles loudly.
Casting: Fulminant Prism (safe; 1% risk of failure)
Confirm with . or Enter, or press ? or * to list all spells.
You erupt in a blast of force!
The mystic blast hits the ice beast!
The ice beast is moderately wounded.
The mystic blast hits the boulder beetle.
The boulder beetle is lightly wounded.
The boulder beetle is knocked back by the mystic blast.
* * * LOW HITPOINT WARNING * * *
You hear a bellow!
You hear a shout! x2
The ice beast hits your fulminant prism.
The ice beast freezes your fulminant prism.
Your fulminant prism resists.
The ice beast hits you.
* * * LOW HITPOINT WARNING * * *
The ice beast freezes you!
You die...

,,,,,,,,,,...........$.,,,*
,.,,,,,***#..........#*****
,..#*,*####.....?....#
,,,..,*#.............#
****#.##.##.$.$.....(# *
#..............>.# ***
##.....#....B....# ,,*
#.....#.........# *,*
#.....#####@##### *,*
#.....# #Y#** *,* #######
*#.#,** ,,* *.Y*,,**
***************.YY,,,*
****,,,,,,,,,*#YYY.,,*
,,,,,****,,,,,#....,**
****** *,,,,,,......*
*,,,,,,,,,,,,*


You could see a boulder beetle, 7 ice beasts and a friendly fulminant prism.

Vanquished Creatures
  A two-headed ogre (D:10)
  An ugly thing (D:10)
  A cyclops (D:11)
  Maurice (D:8)
  Psyche (D:8)
  4 trolls
  A meliai zombie (D:10)
  A wyvern (D:8)
  19 yaks
  3 steam dragons
  2 water moccasins (D:9)
  An ice beast (D:5)
  4 orc warriors
  A sky beast (D:6)
  2 black bears
  2 necrophages (D:9)
  3 centaurs
  3 ogres
  3 kobold brigands
  2 bullfrogs
  A scorpion (D:5)
  7 water moccasin zombies
  22 wights
  4 killer bees (D:5)
  A crimson imp (D:5)
  A bullfrog zombie (D:7)
  10 centaur zombies
  A human zombie (D:9)
  A jelly (D:8)
  3 centaur skeletons
  An orc priest (D:7)
  Crazy Yiuf (D:2)
  A gnoll shaman (D:9)
  2 hounds
  A bullfrog skeleton (D:6)
  Jessica (D:2)
  2 iguanas
  6 orc wizards
  2 killer bee zombies
  2 hound zombies (D:5)
  2 hound skeletons (D:4)
  3 mummies
  A howler monkey zombie (D:9)
  16 gnolls
  7 adders
  3 river rats (Sewer)
  2 white imps (D:6)
  An ufetubus (D:5)
  An adder skeleton (D:4)
  6 adder zombies (Ossuary)
  A worm (D:2)
  2 dart slugs
  14 orcs
  7 bats
  8 endoplasms
  4 giant cockroaches
  3 gnoll zombies (Ossuary)
  7 goblins
  10 hobgoblins
  5 jackals (D:2)
  5 quokkas
  6 ball pythons
  8 frilled lizards
  A hobgoblin zombie (Ossuary)
  27 kobolds
  4 kobold zombies (Ossuary)
  5 orc zombies (Ossuary)
  8 rats
293 creatures vanquished.

Vanquished Creatures (others)
  36 foxfires
  62 fulminant prisms
  A plant (D:1)
99 creatures vanquished.

Grand Total: 392 creatures vanquished

Notes
Turn   | Place    | Note
-------+----------+-------------------------------------------
     0 | D:1      | jestyr24 the Djinni Conjurer began the quest for the Orb.
     0 | D:1      | Reached XP level 1. HP: 15/15 MP: 0/0
   405 | D:1      | Reached XP level 2. HP: 18/21 MP: 0/0
   639 | D:1      | Reached skill level 4 in Spellcasting
  1125 | D:1      | Reached XP level 3. HP: 22/25 MP: 0/0
  1125 | D:1      | Learned a level 1 spell: Foxfire
  1202 | D:1      | Found a faded altar of an unknown god.
  1824 | D:2      | Reached XP level 4. HP: 21/31 MP: 0/0
  2039 | D:2      | Noticed Jessica
  2050 | D:2      | Killed Jessica
  2051 | D:2      | Reached skill level 5 in Spellcasting
  2051 | D:2      | Reached XP level 5. HP: 24/35 MP: 0/0
  2051 | D:2      | Learned a level 2 spell: Slow
  2847 | D:2      | Found a runed translucent door.
  2848 | D:2      | Noticed Crazy Yiuf
  2854 | D:2      | Killed Crazy Yiuf
  3540 | D:3      | Found a glowing drain.
  3550 | Sewer    | Entered a sewer
  3661 | Sewer    | Reached XP level 6. HP: 28/40 MP: 0/0
  4676 | D:4      | Found a staircase to the Ecumenical Temple.
  4684 | Temple   | Entered the Ecumenical Temple
  4886 | Temple   | Became a worshipper of Elyvilon the Healer
  4945 | D:4      | Noticed a black bear
  4950 | D:4      | Killed a black bear
  4951 | D:4      | Reached skill level 6 in Spellcasting
  5269 | D:4      | Reached XP level 7. HP: 44/46 MP: 0/0
  5269 | D:4      | Learned a level 3 spell: Lesser Beckoning
  5293 | D:4      | Reached skill level 1 in Fighting
  5921 | D:5      | Entered Level 5 of the Dungeon
  5942 | D:5      | Reached * piety under Elyvilon
  6079 | D:5      | Found a sand-covered staircase.
  6176 | Ossuary  | Entered an ossuary
  6647 | Ossuary  | Reached XP level 8. HP: 33/54 MP: 0/0
  7552 | D:5      | Found a shimmering altar of Xom.
  7552 | D:5      | Found a burning altar of Makhleb.
  7621 | D:5      | Reached skill level 5 in Dodging
  7621 | D:5      | Reached skill level 7 in Spellcasting
  7689 | D:5      | Found a glowing golden altar of the Shining One.
  8269 | D:5      | Reached XP level 9. HP: 49/59 MP: 0/0
  8269 | D:5      | Learned a level 3 spell: Mephitic Cloud
  8431 | D:5      | Found a hide-covered altar of Uskayaw.
  8496 | D:5      | Reached skill level 5 in Stealth
  8496 | D:5      | Reached skill level 8 in Spellcasting
  8887 | D:6      | Reached ** piety under Elyvilon
  9029 | D:6      | Found a glowing silver altar of Zin.
  9241 | D:6      | Found a large runed translucent door.
  9242 | D:6      | Found a large runed translucent door.
  9465 | D:6      | Found a snail-covered altar of Cheibriados.
  9470 | D:6      | Found a shadowy altar of Dithmenos.
  9479 | D:6      | Upgraded the game from 0.27-a0-1136-g0b992a5a9d to
                  | 0.27-a0-1137-g3ef0f4ec91
  9712 | D:7      | Reached skill level 9 in Spellcasting
  9829 | D:7      | Reached *** piety under Elyvilon
  9831 | D:7      | Found Pethrali's Assorted Antiques.
 10341 | D:7      | Found a sacrificial altar of Ru.
 10547 | D:8      | Noticed Maurice
 10553 | D:8      | Reached XP level 10. HP: 42/67 MP: 0/0
 10554 | D:8      | Killed Maurice
 10555 | D:8      | Reached skill level 10 in Spellcasting
 10737 | D:8      | You are sucked into a shaft and drop 3 floors!
 10771 | D:11     | Noticed a cyclops
 10780 | D:11     | Killed a cyclops
 10983 | D:10     | Entered Level 10 of the Dungeon
 11002 | D:10     | Reached skill level 11 in Spellcasting
 11415 | D:10     | Noticed a two-headed ogre
 11420 | D:10     | Noticed a green ugly thing
 11422 | D:10     | Killed a two-headed ogre
 11429 | D:10     | Killed a green ugly thing
 11430 | D:10     | Reached XP level 11. HP: 44/71 MP: 0/0
 11430 | D:10     | Learned a level 4 spell: Animate Armour
 11587 | D:10     | Reached skill level 12 in Spellcasting
 11865 | D:10     | Found a bloodstained altar of Trog.
 11930 | D:10     | Reached **** piety under Elyvilon
 13660 | D:9      | Reached ***** piety under Elyvilon
 13730 | D:9      | Found Jomiar's Jewellery Shoppe.
 14257 | D:8      | Noticed Psyche
 14267 | D:8      | Killed Psyche
 14268 | D:8      | Reached skill level 13 in Spellcasting
 14857 | D:11     | Noticed a boulder beetle
 14864 | D:11     | HP: 1/72 [ice beast (3)]
 14864 | D:11     | Mangled by an ice beast

Illustrated notes

Levels and vault maps discovered:
D:1:      saegor_arrival_simple_c, layout_loops_cross, serial_bayou,
          serial_bayou_shore_a, serial_bayou_lake_a, serial_bayou_lagoon_b,
          serial_bayou_pond_a, chequers_ecumenical_altar_lobes
D:2:      minmay_skewed_foursquare, layout_basic, basic_altar,
          grunt_ministairs_15, minmay_ruptured, uniq_crazy_yiuf_cottage,
          uniq_jessica
D:3:      layout_basic, lemuel_round_altar, portal_sewer_entry_b,
          minmay_misc_feat_pillars, minmay_misc_feat_x
D:4:      layout_basic, minmay_temple_entry_grid
D:5:      layout_basic, grunt_temple_overflow_champion_of_chaos,
          overflow_temple_1_default, lemuel_coloured_pillars_altar,
          lightli_ossuary_entry_decrepit_ruins
D:6:      layout_cave_pools, amcnicky_altar_gilded, jmf_multi_god_temple2
D:7:      layout_cave_pools, nicolae_ru_sacrificial_ziggurat, serial_shops,
          nicolae_shop_waterfront
D:8:      layout_loops_ring, enter_bailey_5, hex_medium,
          kennysheep_decorative_pillar, uniq_maurice, uniq_psyche
D:9:      layout_long_grid, lemuel_mausoleum_altar_kikubaaqudgha, serial_shops,
          shop_fountains
D:10:     layout_loops_ring, bloody_trog
D:11:     minmay_the_grid_triangle_9x9_recursive_3_mashed
          [minmay_the_grid_triangle_9x9_dagger,
          minmay_the_grid_triangle_9x9_zippers_vertical,
          minmay_the_grid_triangle_9x9_from_above,
          minmay_the_grid_triangle_9x9_prize_insulated,
          minmay_the_grid_triangle_9x9_minimal,
          minmay_the_grid_triangle_9x9_intruding_spiral,
          minmay_the_grid_triangle_9x9_flanged_cone,
          minmay_the_grid_triangle_9x9_checkered,
          minmay_the_grid_triangle_9x9_longest], layout_loops_cross,
          erik_lair_orcish_takeover, orc_0_dummy,
          portal_ice_cave_entry_ice_beasts
Temple:   grunt_temple_mini_profane

Skill      XL: |  1  2  3  4  5  6  7  8  9 10 11 |
---------------+----------------------------------+-----
Spellcasting   | 4 5 6 7 9 11 13 | 13.3
Stealth        | 2 3 4 5 6 |  6.5
Dodging        | 3 4 5 6 |  6.1
Fighting       | 1 2 3 |  3.6

Action                   |  1- 3 |  4- 6 |  7- 9 | 10-12 || total
-------------------------+-------+-------+-------+-------++-------
Melee: Quarterstaff      |       |    29 |       |       ||    29
       Dagger            |       |     1 |    13 |       ||    14
       Great sword       |       |       |       |     4 ||     4
Throw: Boomerang         |    10 |    25 |    41 |    30 ||   106
 Cast: Magic Dart        |    60 |       |     1 |     5 ||    66
       Foxfire           |    11 |    10 |       |     1 ||    22
       Searing Ray       |     4 |    29 |    39 |    36 ||   108
       Iskenderun's Myst |       |     3 |    58 |    43 ||   104
       Fulminant Prism   |       |       |    26 |    37 ||    63
       Mephitic Cloud    |       |       |     1 |    10 ||    11
       Slow              |       |       |       |     1 ||     1
       Animate Armour    |       |       |       |     1 ||     1
  Use: Scroll            |       |       |     7 |     3 ||    10
 Stab: Sleeping          |       |     2 |       |       ||     2
Armor: Robe              |     2 |    42 |     7 |     4 ||    55
Dodge: Dodged            |     9 |    72 |    15 |    34 ||   130
       Rpst.: Great sword |       |       |       |     2 ||     2

Table legend: (Time is in decaauts)
 A = Elapsed time spent in this place.
 B = Non-inter-level travel time spent in this place.
 C = Inter-level travel time spent in this place.
 D = Time resting spent in this place.
 E = Time spent auto-exploring this place.
 F = Levels seen in this place.
 G = Mean time per level.
                   A        B        C        D        E       F      G
               +--------+--------+--------+--------+--------+-----+--------+
         Total |  14895 |  14309 |    586 |   3512 |   8455 |  14 | 1063.9 |
       Dungeon |  13253 |  12727 |    526 |   2705 |   8042 |  11 | 1204.8 |
        Temple |    251 |    191 |     60 |      0 |    180 |   1 |  251.0 |
         Sewer |    575 |    575 |      0 |    124 |    233 |   1 |  575.0 |
       Ossuary |    815 |    815 |      0 |    683 |      0 |   1 |  815.0 |
               +--------+--------+--------+--------+--------+-----+--------+

Top non-repeatable levels by time:
     D:5: 1846 daAuts
     D:9: 1609 daAuts
     D:2: 1593 daAuts
     D:1: 1548 daAuts
    D:10: 1312 daAuts
     D:6: 1204 daAuts
     D:4: 1185 daAuts
     D:8: 1133 daAuts
 Ossuary: 815 daAuts
     D:3: 785 daAuts
     D:7: 772 daAuts
   Sewer: 575 daAuts
    D:11: 261 daAuts
  Temple: 251 daAuts
